 Dungeon Crawl Stone Soup version 0.28.0-53-g5a82cb258f (webtiles) character file.

Game seed: 7261050521653422224

160 funkygono the Covered (level 5, -4/46 HPs)
             Began as a Minotaur Fighter on July 7, 2022.
             Slain by a gnoll
             ... wielding a +0 halberd
              (6 damage)
             ... on level 2 of the Dungeon.
             The game lasted 00:02:14 (2202 turns).

funkygono the Covered (Minotaur Fighter)            Turns: 2202, Time: 00:02:15

Health: -4/46      AC:  7    Str: 23    XL:     5   Next: 17%
Magic:  4/4        EV:  9    Int:  5    God:
Gold:   80         SH:  4    Dex:  9    Spells: 4/4 levels left

rFire   . . .      SeeInvis .   a - +0 long sword
rCold   . . .      Faith    .   c - +0 buckler
rNeg    . . .      Spirit   .   b - +0 scale mail
rPois   .          Reflect  .   (helmet restricted)
rElec   .          Harm     .   (no cloak)
rCorr   .          Rampage  .   (no gloves)
Will    .....                   (no boots)
Stlth   ..........              (no amulet)
HPRegen 0.15/turn               (no ring)
MPRegen 0.09/turn               (no ring)

@: no status effects
A: horns 2, retaliatory headbutt
a: no special abilities


You were on level 2 of the Dungeon.
You visited 1 branch of the dungeon, and saw 2 of its levels.

You collected 80 gold pieces.

Inventory:

Hand Weapons
 a - a +0 long sword (weapon)
Missiles
 g - 4 boomerangs (quivered)
 o - 22 bolts
Armour
 b - a +0 scale mail (worn)
 c - a +0 buckler (worn)
Scrolls
 h - a scroll of vulnerability {unknown}
 i - 2 scrolls of blinking {unknown}
 k - a scroll of amnesia {unknown}
 m - a scroll of noise {unknown}
 n - a scroll of teleportation {unknown}
Potions
 d - a potion of resistance {unknown}
 e - a potion of haste {unknown}
 f - a potion of invisibility {unknown}
 j - a potion of mutation {unknown}
 l - a potion of cancellation {unknown}


   Skills:
 + Level 4.1 Fighting
 + Level 4.2 Long Blades
 + Level 0.1 Throwing
 + Level 5.2 Armour
 + Level 0.9 Dodging
 + Level 4.2 Shields


You had 4 spell levels left.
You didn't know any spells.
Your spell library contained the following spells:

 Spells                   Type           Power      Damage    Failure   Level
 Magic Dart               Conj           0%         1d3       86%         1
 Searing Ray              Conj           0%         2d4       94%         2
 Fulminant Prism          Conj/Hex       0%         3d6       100%        4


Dungeon Overview and Level Annotations

Branches:
Dungeon (2/15)

Altars:


Innate Abilities, Weirdness & Mutations

You have a pair of horns on your head.
You reflexively headbutt those who attack you in melee.


Message History

You see here a hobgoblin corpse.
You see here 16 stones.
A gnoll comes into view. It is wielding a +0 flail.
Found a stone staircase leading down.
The gnoll shouts!
You hear a shout!
A gnoll comes into view. It is wielding a +0 halberd.
The gnoll moves out of view.
A gnoll comes into view. It is wielding a +0 halberd.
The gnoll shouts!
You see here 16 stones.
You hit the gnoll. You headbutt the gnoll!
You kill the gnoll!
The gnoll misses you. The gnoll hits you with a +0 halberd!
Things that are here:
a +0 flail; 16 stones You slash the gnoll!
The gnoll is almost dead.
The gnoll hits you with a +0 halberd!
You barely miss the gnoll.
The gnoll is almost dead.
The gnoll shouts!
The gnoll barely misses you. You furiously retaliate!
You headbutt the gnoll!
You kill the gnoll!
The gnoll throws a boomerang.
The boomerang barely misses you.
The gnoll hits you from afar with a +0 halberd!
The gnoll barely misses you.
You see here a +0 halberd.
You closely miss the gnoll. The gnoll barely misses you.
The gnoll hits you with a +0 club.
You hit the gnoll.
The gnoll is lightly wounded.
The gnoll hits you from afar with a +0 halberd!
* * * LOW HITPOINT WARNING * * *
The gnoll hits you with a +0 club.
* * * LOW HITPOINT WARNING * * *
You slash the gnoll!
You kill the gnoll!
The gnoll hits you from afar with a +0 halberd.
You die...

#..[......#
#.#.#..#<....#†#....
#.........#
#.#.#..#####.#.#####
#####......# #...#........#.#
.......<...########.#######.#
#####.#...###.......# #.#
#.#.#.###.#############.# ###
#...#.....# #...†.....#
..#####.##.########.#########
..............g)@)..#
..######.##....###### ..#
#..#....# ..# ##.#....# ..#
#)#...g# ..##### #.#...g#
..)...# #.....g# ..###.#
##.....# ...##.# #.....#


You could see a gnoll.

Vanquished Creatures
  Jessica (D:2)
  Robin (D:2)
  6 gnolls (D:2)
  2 adders (D:2)
  A dart slug (D:1)
  5 endoplasms
  4 giant cockroaches
  14 goblins
  6 hobgoblins
  2 kobolds
  2 quokkas (D:2)
  2 ball pythons
  A bat (D:2)
  6 frilled lizards
  2 rats
55 creatures vanquished.

Notes
Turn   | Place    | Note
-------+----------+-------------------------------------------
     0 | D:1      | funkygono the Minotaur Fighter began the quest for the Orb.
     0 | D:1      | Reached XP level 1. HP: 19/19 MP: 0/0
   152 | D:1      | Reached skill level 4 in Armour
   243 | D:1      | Reached XP level 2. HP: 27/27 MP: 1/1
   465 | D:1      | You fall into a shaft and drop 1 floor!
   465 | D:2      | Noticed Robin
   514 | D:2      | Reached XP level 3. HP: 16/33 MP: 2/2
   516 | D:2      | Killed Robin
   668 | D:2      | Noticed Jessica
   676 | D:2      | Killed Jessica
   677 | D:2      | Reached XP level 4. HP: 9/40 MP: 3/3
  1513 | D:2      | Reached skill level 5 in Armour
  2004 | D:2      | Reached XP level 5. HP: 46/46 MP: 4/4
  2201 | D:2      | HP: 2/46 [gnoll/+0 club (1)]
  2202 | D:2      | Slain by a gnoll

Illustrated notes

Levels and vault maps discovered:
D:1:      psy_arrival_spokes, layout_loops_corners
D:2:      layout_basic, uniq_jessica, uniq_robin

Skill      XL: |  1  2  3  4 |
---------------+-------------+-----
Armour         | 4 5 |  5.2
Fighting       | 4 |  4.1
Shields        | 4 |  4.2
Long Blades    | 3 4 |  4.2
Throwing       | |  0.1
Dodging        | |  0.9

Action                   |  1- 3 |  4- 6 || total
-------------------------+-------+-------++-------
Melee: Long sword        |    45 |    66 ||   111
       Headbutt          |     3 |     8 ||    11
Throw: Boomerang         |     3 |       ||     3
  Use: Potion            |     1 |       ||     1
Armor: Scale mail        |    20 |    23 ||    43
Dodge: Dodged            |    22 |    24 ||    46
Block: Buckler           |    10 |     6 ||    16
